 Dungeon Crawl Stone Soup version 0.24-a0-274-gb3763e6d51 (webtiles) character file.

Game seed: 6294179563196397501

117873 Flugkiller the Spear-Bearer (level 16, -5/146 HPs)
             Began as a Pale Draconian Chaos Knight on Apr 27, 2019.
             Was a Plaything of Xom.
             Slain by a shambling mangrove (38 damage)
             ... on level 3 of the Swamp.
             The game lasted 01:19:44 (37516 turns).

Flugkiller the Spear-Bearer (DrCK)                 Turns: 37516, Time: 01:19:45

Health: -5/146     AC: 18    Str: 18    XL:     16   Next: 24%
Magic:  14/26      EV: 25    Int: 18    God:    Xom [..*...]
Gold:   1014       SH:  8    Dex: 15    Spells: 6/29 levels left

rFire    . . .     SeeInvis .   a - +2 demon trident (venom)
rCold    + + +     Gourm    .   X - +3 warlock's mirror {reflect}
rNeg     . . .     Faith    .   (armour unavailable)
rPois    .         Spirit   .   P - +0 hat {MR+}
rElec    .         Reflect  +   y - +0 cloak
rCorr    .         Harm     .   G - +0 pair of gloves
MR       +++..     Clarity  +   C - +2 pair of boots Stlth ++........Rnd*Tele +
                                H - amulet of Macvar Istu {Acrobat rC+++ Stlth+}
HPRegen  0.34/turn              M - +4 ring of protection
MPRegen  0.20/turn              t - +6 ring of evasion

@: lethally poisoned (-5 -> -5), confusing touch, flying, deflect missiles
A: breathe steam, unfitting armour, big wings, claws 1, horns 1, agile 2, blink,
blurry vision 1, clarity, cold resistance 1, magic resistance 1, sense
surroundings 1, strong 1, teleportitis 1, cold-blooded, AC +9
a: Breathe Steam, Stop Flying, Blink, Renounce Religion


You were on level 3 of the Swamp.
You worshipped Xom.
You were a toy of Xom.
You were hungry.

You visited 4 branches of the dungeon, and saw 26 of its levels.
You also visited: Ossuary, Bailey and Volcano.

You collected 3482 gold pieces.
You spent 2468 gold pieces at shops.

Inventory:

Hand Weapons
 a - a +2 demon trident of venom (weapon)
   (You acquired it on level 6 of the Lair of Beasts)
 F - a +1 demon trident of draining
   (You found it on level 14 of the Dungeon)
Missiles
 O - a throwing net (quivered)
Armour
 y - a +0 cloak (worn)
   (You took it off Maurice on level 2 of the Orcish Mines)
 C - a +2 pair of boots (worn)
   (You bought it in a shop on level 2 of the Orcish Mines)
 G - a +0 pair of gloves (worn)
   (You found it on level 9 of the Dungeon)
 P - a +0 hat of magic resistance (worn)
   (You found it in a volcano)
 X - the +3 warlock's mirror (worn) {reflect}
   (You bought it in a shop on level 2 of the Orcish Mines)
Jewellery
 t - a +6 ring of evasion (right hand)
   (You found it on level 13 of the Dungeon)
 H - the amulet of Macvar Istu (around neck) {Acrobat rC+++ Stlth+}
   (You found it on level 14 of the Dungeon)

   [amulet of the acrobat]

   It helps you evade while moving and waiting.
   It renders you almost immune to cold.
   It makes you more stealthy.
 M - a +4 ring of protection (left hand)
   (You found it on level 2 of the Lair of Beasts)
 T - an uncursed ring of magical power
   (You found it on level 12 of the Dungeon)
 Y - an uncursed ring of fire
   (You found it on level 14 of the Dungeon)
Wands
 q - a wand of acid (1)
   (You found it on level 6 of the Dungeon)
 x - a wand of digging (8)
   (You found it on level 7 of the Dungeon)
 A - a wand of scattershot (2)
   (You found it on level 7 of the Dungeon)
 J - a wand of enslavement (14)
   (You found it on level 10 of the Dungeon)
 K - a wand of iceblast (18)
   (You found it on level 1 of the Lair of Beasts)
 N - a wand of paralysis (6)
   (You found it on level 12 of the Dungeon)
 U - a wand of flame (76)
   (You found it on level 3 of the Lair of Beasts)
 W - a wand of polymorph (15)
   (You took it off Sonja on level 4 of the Lair of Beasts)
Scrolls
 e - 3 scrolls of fog
 f - 7 scrolls of enchant armour
 g - 5 scrolls of amnesia
 i - 5 scrolls of enchant weapon
 m - 4 scrolls of immolation
 n - 10 scrolls of fear
 p - a scroll of magic mapping
 r - 4 scrolls of blinking
 u - 11 scrolls of teleportation
 v - 11 scrolls of remove curse
 D - 5 scrolls of identify
 I - 2 scrolls of vulnerability
 S - a scroll of silence
Potions
 b - 14 potions of curing
 d - 3 potions of flight
 h - 6 potions of brilliance
 j - a potion of ambrosia
 k - 5 potions of heal wounds
 o - 3 potions of agility
 s - 3 potions of haste
 w - 7 potions of might
 z - 6 potions of magic
 B - 2 potions of berserk rage
 E - 2 potions of invisibility
 L - 2 potions of resistance
 Q - a potion of cancellation
 R - a potion of mutation
 V - 6 potions of lignification
Miscellaneous
 l - a phial of floods
   (You found it on level 13 of the Dungeon)
Comestibles
 c - 52 rations


   Skills:
 - Level 14.0 Fighting
 - Level 14.0 Polearms
 + Level 10.6 Dodging
 - Level 4.0 Shields
 - Level 7.0 Spellcasting
 - Level 8.1 Conjurations
 - Level 3.0 Hexes
 - Level 7.0 Charms
 - Level 3.0 Summonings
 - Level 14.0 Air Magic
 - Level 5.0 Evocations


You had 6 spell levels left.
You knew the following spells:

 Your Spells              Type           Power        Failure   Level  Hunger
a - Shock                 Conj/Air       ####         1%          1    None
b - Swiftness             Chrm/Air       #####...     1%          2    None
c - Airstrike             Air            ######....   1%          4    ####...
d - Lightning Bolt        Conj/Air       #####.....   3%          5    #####..
e - Summon Lightning Spi  Summ/Air       #####...     3%          4    ####...
f - Deflect Missiles      Chrm/Air       #####.....   22%         6    #######
w - Confusing Touch       Hex            ###...       3%          1    None

Your spell library contained the following spells:

 Spells                   Type           Power        Failure   Level  Hunger
 Infusion                 Chrm           ####         1%          1    None
 Song of Slaying          Chrm           ####....     1%          2    None
 Static Discharge         Conj/Air       #####...     1%          3    ##.....
 Summon Small Mammal      Summ           ###.         3%          1    None
 Call Imp                 Summ           ###.....     4%          2    None
 Stone Arrow              Conj/Erth      ###...       6%          3    ##.....
 Call Canine Familiar     Summ           ###.....     10%         3    ##.....
 Confuse                  Hex            ###.....     10%         3    ##.....
 Summon Guardian Golem    Hex/Summ       ###.....     10%         3    ##.....
 Sandblast                Erth           #.....       11%         1    None
 Passwall                 Tmut/Erth      #.......     16%         2    None
 Force Lance              Conj/Tloc      ###.....     21%         4    ####...
 Gell's Gravitas          Tloc           #.........   32%         3    ##.....
 Ignite Poison            Fire/Tmut/Pois #.......     32%         3    ##.....
 Summon Ice Beast         Ice/Summ       ##......     50%         4    ####...
 Fireball                 Conj/Fire      ###.......   50%         5    #####..
 Summon Mana Viper        Hex/Summ       ###.....     65%         5    #####..
 Petrify                  Tmut/Erth      #.......     71%         4    ####...
 Metabolic Englaciation   Hex/Ice        ##........   85%         5    #####..
 Yara's Violent Unravell  Hex/Tmut       ##........   85%         5    #####..
 Lee's Rapid Deconstruct  Erth           #.........   96%         5    #####..
 Bolt of Fire             Conj/Fire      ###.......   97%         6    #######
 Ring of Flames           Chrm/Fire      ###.......   100%        7    #######
 Ignition                 Fire           #.........   100%        8    #######


Dungeon Overview and Level Annotations

Branches:
Dungeon (15/15)            Temple (0/1) D:5            Lair (6/6) D:10
  Swamp (3/4) Lair:2       Spider (0/4) Lair:2        Slime (0/5) Lair:6
    Orc (2/2) D:12            Elf (0/3) Orc:2        Vaults (0/5) D:14
 Depths (0/5) D:15

Altars:
Gozag
Kikubaaqudgha
Makhleb
Okawaru
Sif Muna
Vehumet
Wu Jian
Xom
Yredelemnul
The Shining One
Beogh
Jiyva

Shops:
D:7 ?   D:11 *}*   Orc:2 [[([

Portals:
Hell: Lair:6
Trove: D:12 (give +4 demon blade)

Annotations:
Lair:1 exclusion: oklob plant
Orc:1 1 runed translucent door, exclusion: door, Borim's ghost, journeyman GrBe


Innate Abilities, Weirdness & Mutations

You can breathe blasts of scalding, opaque steam.
Your pale cyan-grey scales are hard. (AC +9)
You cannot fit into any form of body armour.
You are cold-blooded and may be slowed by cold attacks.
Your large and strong wings let you fly indefinitely.
You have sharp fingernails.
You have a pair of small horns on your head.
You are very agile. (Dex +4)
You can translocate small distances at will.
Scrolls take you a little longer to read.
You possess an exceptional clarity of mind.
Your flesh is cold resistant. (rC+)
You are resistant to hostile enchantments. (MR+)
You passively map a small area around you.
Your muscles are strong. (Str +2)
You are occasionally teleported next to monsters.


Message History

The bolt of electricity hits the shambling mangrove but does no damage.
Unknown command.
You hit the shambling mangrove but do no damage.
You tail-slap the shambling mangrove, but do no damage.
The shambling mangrove is moderately damaged.
Unknown command.
You hit the shambling mangrove but do no damage.
The shambling mangrove appears confused.
You headbutt the shambling mangrove, but do no damage.
The shambling mangrove is moderately damaged.
You feel sick.
Your lightning spire shoots out a bolt of lightning at the shambling mangrove!
The bolt of electricity hits the shambling mangrove!
Unknown command.
Attack whom?
Press: ? - help, Dir - move target cursor, f/p - shambling mangrove
Aim: a shambling mangrove (water, heavily damaged, confused)
You reach to attack!
You hit the shambling mangrove.
The shambling mangrove is heavily damaged.
Attack whom?
Press: ? - help, Dir - move target cursor, f/p - shambling mangrove
Aim: a shambling mangrove (water, heavily damaged, confused)
You reach to attack!
You puncture the shambling mangrove!
The shambling mangrove is severely damaged.
You hit the shambling mangrove but do no damage.
The shambling mangrove is severely damaged.
You catch the helpless shambling mangrove completely off-guard!
You hit the shambling mangrove.
The shambling mangrove is poisoned.
You headbutt the shambling mangrove, but do no damage.
The shambling mangrove is severely damaged.
The shambling mangrove hits your lightning spire but does no damage.
You barely miss the shambling mangrove.
You headbutt the shambling mangrove, but do no damage.
You tail-slap the shambling mangrove, but do no damage.
The shambling mangrove is severely damaged.
You feel sick.
The shambling mangrove seems less confused.
You hit the shambling mangrove but do no damage.
The shambling mangrove is severely damaged.
The shambling mangrove closely misses you.
Unknown command.
Casting: Confusing Touch (safe; 3% risk of failure)
Confirm with . or Enter, or press ? or * to list all spells.
Your hands begin to glow red.
Unknown command.
You barely miss the shambling mangrove.
You headbutt the shambling mangrove, but do no damage.
The shambling mangrove is severely damaged.
The shambling mangrove hits you!!!
You die...

.♣♣♣≈≈♣♣♣.≈.,≈≈,≈,*,,,
...≈..♣♣≈.≈≈♣**≈ ≈* *
.≈.....≈♣≈≈≈♣♣♣* * *,** ** **♣
...≈≈≈≈≈...♣..♣♣♣ *** *, ♣♣.
≈♣.≈≈≈≈≈≈.≈≈...≈♣♣♣♣♣♣♣ *≈,..≈
<..≈≈≈.≈≈.......≈.≈♣≈≈♣♣ ♣♣♣♣≈.§
≈≈♣....≈≈≈≈≈.≈≈≈≈...≈≈≈♣ ♣.....≈
♣♣♣.≈≈..≈≈...§≈≈≈≈.≈≈≈♣* ♣..≈≈.≈
♣≈.≈§≈§≈..♣♣..8f@≈.≈≈♣♣ ♣♣♣!..≈.≈
♣...≈≈≈≈≈.♣≈...≈≈≈♣♣♣♣ ♣♣..≈≈≈≈≈.
♣≈≈≈≈≈≈≈≈.♣.≈≈..≈.≈≈♣ ♣♣..≈≈≈≈≈≈≈
♣.≈≈≈≈≈≈.♣.≈≈≈....≈.♣♣♣≈..≈≈≈≈≈≈≈
≈≈>.≈≈≈.♣♣..♣♣♣♣♣♣♣.≈..f......≈..
≈.....<≈≈....♣♣**♣.≈..≈≈≈.≈.♣♣♣♣♣
.≈≈≈♣♣♣....≈≈.♣♣≈.≈≈..≈≈≈≈≈§♣ *
.≈≈≈.≈♣♣♣♣≈≈≈♣♣♣...≈≈.♣♣♣≈≈♣♣
♣♣≈.≈♣♣♣ ♣≈≈♣♣ ♣≈≈.≈..♣*≈≈≈.♣* **


You could see a shambling mangrove and a friendly lightning spire.

Vanquished Creatures
  Frances (D:13)
  A sphinx (Lair:5)
  Nessos (Lair:6)
  A stone giant (Orc:1)
  A minotaur (Lair:4)
  6 hydras
  4 vault guards (D:14)
  A catoblepas (Lair:6)
  A ghost crab (Swamp:1)
  A shambling mangrove (Swamp:1)
  3 alligators (Swamp:2)
  2 centaur warriors (D:13)
  3 death yaks (D:10)
  6 two-headed ogres
  3 orc high priests
  Sonja (Lair:4)
  A fire crab (Volcano)
  A sun demon (Lair:6)
  3 skeletal warriors (D:15)
  3 wizards
  5 unseen horrors
  2 swamp dragons
  A wolf spider zombie (D:14)
  A lindwurm (Lair:5)
  5 orc knights
  4 ugly things
  A wolf spider (Lair:5)
  2 orc sorcerers (Orc:2)
  4 cyclopes
  2 manticores (D:15)
  2 deep elf magi (D:14)
  13 elephants
  A salamander (D:15)
  A centaur zombie (D:14)
  A guardian serpent (D:13)
  4 black mambas
  A smoke demon (Lair:6)
  Psyche (D:9)
  2 torpor snails
  Maurice (Orc:2)
  An orange demon (Lair:6)
  20 spiny frogs
  An eye of devastation (Lair:2)
  5 gargoyles
  A yaktaur (D:14)
  13 rime drakes
  A komodo dragon (shapeshifter) (D:15)
  A demonic crawler (Lair:2)
  A freezing wraith (D:14)
  5 komodo dragons
  An ice devil (Lair:6)
  A tengu conjurer (D:14)
  6 trolls
  3 meliai (D:14)
  8 tyrant leeches
  2 hornets (Swamp:1)
  25 slime creatures
  3 bog bodies
  A meliai zombie (D:12)
  13 blink frogs
  10 hippogriffs
  Sigmund (D:6)
  2 spriggans (Swamp:1)
  4 shadows
  2 wraiths (D:13)
  4 wyverns
  A basilisk (Lair:6)
  2 vampires
  11 fire bats (Volcano)
  56 yaks
  10 vampire mosquitoes
  3 wolves
  2 humans
  10 steam dragons
  8 wargs
  7 swamp worms
  4 acid dragons
  3 hell hounds (Lair:6)
  10 porcupines
  7 water moccasins
  3 swamp drakes
  A black bear (D:12)
  2 ice beasts
  32 orc warriors
  A necrophage (D:5)
  2 sky beasts
  8 ogres
  5 phantoms
  9 centaurs
  14 crocodiles
  A big kobold (D:9)
  19 bullfrogs
  5 scorpions
  16 killer bees
  3 wights (D:10)
  7 electric eels
  3 jellies
  10 howler monkeys
  6 crimson imps
  A quasit (D:11)
  2 bullfrog zombies
  8 hounds
  2 bullfrog skeletons (D:11)
  26 orc priests
  A gnoll shaman (Orc:2)
  2 centaur skeletons
  An iguana (D:5)
  13 worker ants
  29 orc wizards
  A hound skeleton (D:6)
  A mummy (D:4)
  A worker ant zombie (D:11)
  Robin (D:4)
  16 gnolls
  A howler monkey skeleton (D:4)
  15 adders
  8 shadow imps
  3 oozes
  4 adder zombies
  4 worms
  8 dart slugs
  4 leopard geckos
  97 orcs
  5 giant cockroaches
  20 hobgoblins
  17 jackals
  22 kobolds
  6 quokkas
  2 ball pythons
  6 bats
  6 frilled lizards
  20 goblins
  A goblin zombie (D:4)
  2 jackal zombies
  An orc zombie (D:4)
  10 rats
  A fire vortex (Lair:2)
882 creatures vanquished.

Vanquished Creatures (collateral kills)
  Agnes (D:14)
  A fire giant (Orc:2)
  Louise (D:14)
  A hydra (Lair:5)
  A catoblepas (D:13)
  A tengu warrior (D:13)
  A two-headed ogre (D:15)
  Urug (Lair:4)
  A death yak (Orc:1)
  2 skeletal warriors (D:15)
  An orc knight (Orc:2)
  2 orc sorcerers
  An ice devil (Lair:6)
  A komodo dragon (Lair:5)
  2 red devils (Lair:6)
  A hornet (Swamp:1)
  A tyrant leech (Lair:2)
  A spriggan (Lair:2)
  A fire bat (Volcano)
  13 yaks
  6 vampire mosquitoes
  3 water moccasins
  A hell hound (Lair:6)
  12 orc warriors
  4 ogres
  A bullfrog (Lair:4)
  A crimson imp (D:13)
  An orc priest (Orc:1)
  An orc wizard (Orc:2)
  An adder (D:7)
  16 orcs
  A rat (Orc:1)
83 creatures vanquished.

Vanquished Creatures (others)
  A centaur warrior (D:13)
  A dancing weapon (Orc:2)
  A wolf (Lair:5)
  2 electric eels (D:6)
  An orc priest (Orc:2)
  3 gnolls
  A dart slug (D:6)
  A hobgoblin (Bailey)
  A jackal zombie (D:6)
  A kobold (Bailey)
  2 bushes (Lair:5)
  14 fungi
  8 plants
37 creatures vanquished.

Grand Total: 1002 creatures vanquished

Notes
Turn   | Place    | Note
-------+----------+-------------------------------------------
     0 | D:1      | Flugkiller the Draconian Chaos Knight began the quest for
                  | the Orb.
     0 | D:1      | Reached XP level 1. HP: 19/19 MP: 1/1
    31 | D:1      | XOM: harmless Conj miscast
   170 | D:1      | Reached XP level 2. HP: 25/26 MP: 2/2
   688 | D:2      | XOM: 3-stop teleportation journey
   690 | D:2      | XOM: confusion
   707 | D:2      | Reached XP level 3. HP: 29/33 MP: 3/3
   788 | D:2      | XOM: medium Necr miscast
   820 | D:2      | XOM: mild Tloc miscast
   821 | D:2      | Noticed a spatial vortex
   902 | D:2      | XOM: 5-stop teleportation journey
  1144 | D:3      | XOM: destruction
  1148 | D:3      | Reached XP level 4. HP: 31/40 MP: 4/4
  1178 | D:3      | XOM: noise
  1184 | D:3      | XOM: confuse monster(s)
  1317 | D:3      | Reached skill level 5 in Polearms
  1317 | D:3      | Reached XP level 5. HP: 9/47 MP: 5/5
  1501 | D:3      | XOM: harmless Fire miscast
  1817 | D:3      | Found a faded altar of an unknown god.
  2083 | D:3      | XOM: 1-stop teleportation journey
  2292 | D:4      | Noticed an ogre
  2301 | D:4      | XOM: summons 2 hostile demons
  2306 | D:4      | XOM: polymorph crimson imp -> white imp
  2337 | D:4      | XOM: divination: magic mapping
  2696 | D:4      | Found a sand-covered staircase.
  2706 | D:4      | Reached skill level 5 in Fighting
  2706 | D:4      | Reached XP level 6. HP: 56/56 MP: 6/6
  2734 | Ossuary  | Entered an ossuary
  2748 | Ossuary  | XOM: potion effect (might)
  3227 | D:4      | XOM: god gift: 2 fuming blue potions {god gift}
  3281 | D:4      | Found a deep blue altar of Sif Muna.
  3294 | D:4      | XOM: scenery: create altars
  3620 | D:4      | XOM: harmless Air miscast
  3660 | D:4      | Found an opulent altar of Gozag.
  3733 | D:4      | Your scales start taking on a pale cyan-grey colour.
  3733 | D:4      | Reached XP level 7. HP: 59/61 MP: 7/7
  4038 | D:4      | XOM: divination: magic mapping
  4114 | D:4      | Found a glowing golden altar of the Shining One.
  4138 | D:4      | XOM: noise
  4231 | D:4      | Noticed Robin
  4234 | D:4      | XOM: silly message
  4245 | D:4      | XOM: smoke on damage
  4246 | D:4      | Killed Robin
  4552 | D:5      | Entered Level 5 of the Dungeon
  4874 | D:5      | XOM: harmless Summ miscast
  4944 | D:5      | Found a staircase to the Ecumenical Temple.
  4957 | D:5      | XOM: cleaving
  5153 | D:5      | XOM: polymorph ice beast -> ogre
  5202 | D:5      | XOM: summons 3 friendly demons
  5204 | D:5      | Reached skill level 1 in Spellcasting
  5386 | D:5      | XOM: scenery: 1 doors close
  5435 | D:5      | Reached XP level 8. HP: 70/70 MP: 8/10
  5595 | D:5      | XOM: give mutations
  5595 | D:5      | Gained mutation: Your natural rate of healing is unusually
                  | fast. [Xom's grace]
  5595 | D:5      | Gained mutation: You have very sharp teeth. [Xom's grace]
  5595 | D:5      | Gained mutation: Your spells are a little harder to cast,
                  | but a little more powerful. [Xom's grace]
  5703 | D:5      | XOM: give mutation
  5703 | D:5      | Gained mutation: You heal very quickly. [Xom's grace]
  5830 | D:5      | Learned a level 1 spell: Shock
  5833 | D:5      | Learned a level 2 spell: Swiftness
  5911 | D:6      | XOM: enchant monster (good)
  5948 | D:6      | XOM: fog
  5967 | D:6      | Reached skill level 1 in Air Magic
  5977 | D:6      | XOM: cleaving
  6026 | D:6      | XOM: destruction
  6032 | D:6      | XOM: summons friendly shadow imp
  6124 | D:6      | XOM: 3-stop teleportation journey
  6151 | D:6      | Noticed Sigmund
  6169 | D:6      | Killed Sigmund
  6169 | D:6      | Reached XP level 9. HP: 68/76 MP: 13/13
  6214 | D:6      | XOM: destruction
  6347 | D:6      | Reached skill level 5 in Dodging
  6408 | D:6      | Learned a level 1 spell: Confusing Touch
  6444 | D:6      | XOM: summons friendly white imp
  6599 | D:7      | Found a flagged portal.
  6611 | D:7      | Reached skill level 1 in Hexes
  6693 | Bailey   | Entered a bailey
  6748 | Bailey   | XOM: god gift: chain mail {god gift}
  6762 | Bailey   | XOM: cast spell 'Alistair's Intoxication'
  6815 | Bailey   | Noticed an orc knight
  6817 | Bailey   | XOM: cloud trail
  6969 | Bailey   | XOM: cleaving
  6970 | Bailey   | XOM: divine lightning
  6979 | Bailey   | XOM: confuse monster(s)
  6990 | Bailey   | XOM: destruction
  7003 | Bailey   | Killed an orc knight
  7161 | D:7      | Found Vomugg's Magic Scroll Boutique.
  7170 | D:7      | Reached skill level 5 in Air Magic
  7203 | D:7      | Found an ornate altar of the Wu Jian Council.
  7245 | D:7      | XOM: cast spell 'Summon Dragon'
  7247 | D:7      | Found an iron altar of Okawaru.
  7375 | D:7      | Found a basalt altar of Yredelemnul.
  7455 | D:7      | XOM: scenery: create altars
  7641 | D:8      | XOM: enchant monster (good)
  7649 | D:8      | XOM: summons 5 friendly demons
  7657 | D:8      | Reached XP level 10. HP: 56/83 MP: 14/14
  7658 | D:8      | Reached skill level 10 in Polearms
  7833 | D:8      | XOM: god gift: ration
  8293 | D:8      | XOM: divination: detect items
  8441 | D:9      | Reached skill level 1 in Evocations
  8635 | D:9      | XOM: mild Ice miscast
  8738 | D:9      | XOM: draining
  9023 | D:9      | Noticed Psyche
  9028 | D:9      | XOM: mild Hex miscast
  9039 | D:9      | Killed Psyche
  9084 | D:9      | Noticed a two-headed ogre
  9086 | D:9      | XOM: divination: detect items
  9102 | D:9      | Killed a two-headed ogre
  9349 | D:9      | XOM: summons 4 hostile shadow creatures
  9483 | D:9      | XOM: torment (43/83 hp)
  9580 | D:10     | Entered Level 10 of the Dungeon
  9597 | D:9      | XOM: summons 2 hostile demons
  9623 | D:10     | Noticed a gargoyle
  9631 | D:10     | XOM: enchant monster (bad)
  9634 | D:10     | Killed a gargoyle
  9634 | D:10     | Reached skill level 5 in Evocations
  9634 | D:10     | Reached XP level 11. HP: 89/89 MP: 15/15
  9653 | D:10     | XOM: cleaving
  9890 | D:10     | XOM: 4-stop teleportation journey
  9987 | D:10     | XOM: fog
 10000 | D:10     | Noticed a death yak
 10002 | D:10     | Found a staircase to the Lair.
 10016 | D:10     | XOM: destruction
 10017 | D:10     | Killed a death yak
 10017 | D:10     | Reached skill level 1 in Conjurations
 10060 | D:10     | Noticed a death yak
 10061 | D:10     | Noticed a death yak
 10071 | D:10     | XOM: destruction
 10074 | D:10     | Killed a death yak
 10091 | D:10     | XOM is BORED!
 10091 | D:10     | XOM: enchant monster (bad)
 10094 | D:10     | Killed a death yak
 10176 | D:10     | XOM: cloud trail
 10449 | Lair:1   | Entered Level 1 of the Lair of Beasts
 10570 | Lair:1   | Found a radiant altar of Vehumet.
 10767 | Lair:1   | Noticed an oklob plant
 11023 | Lair:1   | Learned a level 4 spell: Airstrike
 11079 | Lair:1   | XOM is BORED!
 11205 | Lair:2   | XOM: potion effect (brilliance)
 11259 | Lair:1   | Reached skill level 5 in Spellcasting
 11265 | Lair:1   | XOM: mild Ice miscast
 11379 | Lair:1   | XOM: summons 5 hostile demons
 11487 | Lair:2   | Reached skill level 5 in Conjurations
 11753 | Lair:2   | Found a hole to the Spider Nest.
 11761 | Lair:2   | XOM: chaos cloud
 11763 | Lair:2   | XOM: enchant monster (good)
 11790 | Lair:2   | HP: 4/89 [demonic crawler (5)]
 11905 | Lair:2   | Found a staircase to the Swamp.
 11977 | Lair:2   | Reached skill level 10 in Air Magic
 11984 | Lair:2   | Reached XP level 12. HP: 77/96 MP: 19/19
 11984 | Lair:2   | XOM: smoke on damage
 12069 | Lair:2   | XOM: god gift: wand of enslavement (6)
 12080 | Lair:2   | XOM: god gift: 40 gold pieces
 12229 | Lair:2   | XOM: summons 2 friendly demons
 12232 | Lair:2   | XOM: scenery: create altars
 12359 | Lair:2   | XOM: god gift: crystal plate armour {god gift}
 12379 | Lair:2   | XOM: 1-stop teleportation journey
 12398 | Lair:2   | XOM: god gift: ring mail {god gift}
 12438 | Lair:2   | XOM: give mutations
 12438 | Lair:2   | Gained mutation: You regenerate. [Xom's grace]
 12438 | Lair:2   | Gained mutation: Your tail ends in a poisonous barb. [Xom's
                  | grace]
 12438 | Lair:2   | Gained mutation: Your muscles are strong. (Str +2) [Xom's
                  | grace]
 12538 | Lair:2   | XOM: god gift: oblong leatherbound book {god gift}
 12545 | Lair:2   | Learned a level 4 spell: Summon Lightning Spire
 12551 | Lair:2   | Learned a level 5 spell: Lightning Bolt
 12770 | Lair:3   | Found a dark tunnel.
 12789 | Volcano  | Entered a volcano
 12845 | Volcano  | XOM: god gift: 2 javelins of penetration
 12954 | Volcano  | XOM: fog
 12957 | Volcano  | Reached skill level 1 in Summonings
 12964 | Volcano  | XOM: scenery: create altars
 13175 | Volcano  | Noticed a hell hog
 13235 | Lair:3   | Found a gate leading to a gauntlet.
 13240 | Lair:3   | XOM: 1-stop teleportation journey
 13241 | Lair:3   | thanks
 13273 | Lair:3   | fuck off
 13275 | Lair:3   | XOM: scenery: create altars
 13563 | Lair:3   | XOM: divination: detect creatures
 13615 | Lair:3   | XOM: god gift: scroll labeled MIJEJO UTUEM {god gift}
 13646 | Lair:3   | XOM: god gift: short sword {god gift}
 13667 | Lair:3   | XOM: 7-stop teleportation journey
 14079 | Lair:3   | XOM: enchant monster (bad)
 14166 | Lair:3   | XOM: blink monster(s)
 14602 | Lair:4   | XOM: severe Pois miscast
 14668 | Lair:4   | Reached XP level 13. HP: 87/107 MP: 1/22
 14815 | Lair:4   | XOM: enchant monster (good)
 14816 | Lair:4   | Noticed Sonja
 14851 | Lair:4   | XOM: smoke on damage
 14852 | Lair:4   | Killed Sonja
 14896 | Lair:4   | XOM: snakes to sticks
 14899 | Lair:4   | Noticed Urug
 14943 | Lair:4   | Killed Urug
 15172 | Lair:4   | XOM: 3-stop teleportation journey
 15191 | Lair:4   | XOM: swap monsters
 15376 | Lair:4   | XOM: mild Conj miscast
 15425 | Lair:4   | XOM: mild Hex miscast
 15523 | Lair:4   | XOM: mild Pois miscast
 15628 | Lair:4   | Noticed a minotaur
 15628 | Lair:4   | a six-headed hydra changed into a minotaur
 15628 | Lair:4   | XOM: polymorph six-headed hydra -> minotaur
 15649 | Lair:4   | Killed a minotaur
 15654 | Lair:4   | XOM: give mutations
 15654 | Lair:4   | Gained mutation: You are dopey. (Int -2) [Xom's mischief]
 15654 | Lair:4   | Lost mutation: Your spells are a little harder to cast, but
                  | a little more powerful. [Xom's mischief]
 15654 | Lair:4   | Gained mutation: You occasionally shout uncontrollably at
                  | your foes. [Xom's mischief]
 15654 | Lair:4   | Gained mutation: You are occasionally teleported next to
                  | monsters. [Xom's mischief]
 15779 | Lair:5   | XOM: chaos cloud
 15888 | Lair:5   | XOM: confusion
 15981 | Lair:5   | Noticed a minotaur
 15981 | Lair:5   | a seven-headed hydra changed into a minotaur
 15981 | Lair:5   | XOM: polymorph seven-headed hydra -> minotaur
 15988 | Lair:5   | XOM: 6-stop teleportation journey
 16108 | Lair:5   | Noticed a sphinx
 16108 | Lair:5   | a minotaur changed into a sphinx
 16108 | Lair:5   | XOM: polymorph minotaur -> sphinx
 16115 | Lair:5   | Killed a sphinx
 16265 | Lair:5   | XOM: mild Pois miscast
 16534 | Lair:6   | Entered Level 6 of the Lair of Beasts
 16542 | Lair:6   | XOM: blink monster(s)
 16639 | Lair:5   | Lost mutation: Your muscles are strong. (Str +2) [potion of
                  | mutation]
 16639 | Lair:5   | Lost mutation: You are dopey. (Int -2) [potion of mutation]
 16639 | Lair:5   | Lost mutation: Your tail ends in a poisonous barb. [potion
                  | of mutation]
 16639 | Lair:5   | Gained mutation: You are agile. (Dex +2) [potion of
                  | mutation]
 16639 | Lair:5   | Gained mutation: You are very agile. (Dex +4) [potion of
                  | mutation]
 16640 | Lair:5   | Lost mutation: You are very agile. (Dex +4) [potion of
                  | mutation]
 16640 | Lair:5   | Lost mutation: You occasionally shout uncontrollably at
                  | your foes. [potion of mutation]
 16640 | Lair:5   | Gained mutation: You have sharp fingernails. [potion of
                  | mutation]
 16640 | Lair:5   | Lost mutation: You are agile. (Dex +2) [potion of mutation]
 16640 | Lair:5   | Gained mutation: Your system is resistant to poisons.
                  | (rPois) [potion of mutation]
 16641 | Lair:5   | Lost mutation: Your system is resistant to poisons. (rPois)
                  | [potion of mutation]
 16641 | Lair:5   | Lost mutation: You regenerate. [potion of mutation]
 16641 | Lair:5   | Lost mutation: You have sharp fingernails. [potion of
                  | mutation]
 16641 | Lair:5   | Gained mutation: You possess an exceptional clarity of
                  | mind. [potion of mutation]
 16641 | Lair:5   | Gained mutation: You are robust. (+10% HP) [potion of
                  | mutation]
 16642 | Lair:5   | Lost mutation: You are robust. (+10% HP) [potion of
                  | mutation]
 16642 | Lair:5   | Lost mutation: You heal very quickly. [potion of mutation]
 16642 | Lair:5   | Lost mutation: Your natural rate of healing is unusually
                  | fast. [potion of mutation]
 16642 | Lair:5   | Gained mutation: You have large cloven feet. [potion of
                  | mutation]
 16642 | Lair:5   | Gained mutation: You have a pair of small horns on your
                  | head. [potion of mutation]
 16679 | Lair:5   | XOM: medium Chrm miscast
 16687 | Lair:5   | XOM: stat loss: -1 Int (16/17)
 16689 | Lair:5   | XOM: noise
 17069 | Lair:6   | XOM: confuse monster(s)
 17077 | Lair:6   | XOM: cleaving
 17191 | Lair:5   | XOM: cloud trail
 17359 | Lair:5   | XOM: fog
 17385 | Lair:5   | XOM: harmless Fire miscast
 17993 | Lair:6   | XOM: summons friendly ufetubus
 18127 | Lair:6   | XOM: potion effect (heal wounds)
 18136 | Lair:6   | XOM: confuse monster(s)
 18139 | Lair:6   | XOM: enchant monster (good)
 18143 | Lair:6   | XOM: smoke on damage
 18166 | Lair:5   | XOM: god gift: 700 gold pieces
 18334 | Lair:4   | XOM: divination: detect creatures
 18425 | Lair:4   | XOM: cloud trail
 18606 | Lair:6   | XOM: summons friendly crimson imp
 18647 | Lair:6   | XOM: give mutation
 18647 | Lair:6   | Gained mutation: Your tail ends in a poisonous barb. [Xom's
                  | grace]
 18818 | Lair:5   | XOM: god gift: potion of heal wounds
 18996 | Lair:6   | Noticed Nessos
 18998 | Lair:6   | XOM: summons friendly quasit
 19000 | Lair:6   | XOM: confuse monster(s)
 19006 | Lair:6   | Killed Nessos
 19006 | Lair:6   | Reached skill level 10 in Fighting
 19050 | Lair:6   | XOM: divination: detect items
 19056 | Lair:6   | XOM: potion effect (heal wounds)
 19079 | Lair:6   | XOM: fog
 19416 | Lair:6   | Found a viscous altar of Jiyva.
 19417 | Lair:6   | Found a staircase to the Slime Pits.
 19439 | Lair:6   | Reached XP level 14. HP: 121/121 MP: 20/24
 19511 | Lair:6   | XOM: medium Necr miscast
 19744 | Lair:6   | XOM: scenery: create altars
 19765 | Lair:6   | XOM: cast spell 'Summon Butterflies'
 19847 | Lair:6   | XOM: noise
 20068 | Lair:6   | XOM: god gift: embroidered robe {god gift}
 20356 | Lair:6   | XOM: cast spell 'Summon Butterflies'
 20360 | Lair:6   | XOM: potion effect (brilliance)
 20826 | Lair:6   | Found a burning altar of Makhleb.
 20832 | Lair:6   | Found a gateway to Hell.
 20841 | Lair:6   | Lost mutation: You have a pair of small horns on your head.
                  | [potion of mutation]
 20841 | Lair:6   | Lost mutation: Your tail ends in a poisonous barb. [potion
                  | of mutation]
 20841 | Lair:6   | Lost mutation: You have very sharp teeth. [potion of
                  | mutation]
 20841 | Lair:6   | Lost mutation: You have large cloven feet. [potion of
                  | mutation]
 20841 | Lair:6   | Gained mutation: You are dopey. (Int -2) [potion of
                  | mutation]
 20841 | Lair:6   | Gained mutation: You are resistant to hostile enchantments.
                  | (MR+) [potion of mutation]
 20842 | Lair:6   | Identified a scroll of acquirement
 20905 | Lair:6   | XOM: cloud trail
 21036 | Lair:2   | XOM: divination: magic mapping
 21548 | D:11     | Reached skill level 1 in Shields
 21705 | D:11     | XOM: cast spell 'Olgreb's Toxic Radiance'
 21750 | D:11     | XOM: potion effect (agility)
 21799 | D:11     | Found Waxiuzxi's Gadget Emporium.
 21803 | D:11     | Found Qiuxakli's Assorted Antiques.
 22112 | D:11     | Found Joluk's Assorted Antiques.
 22215 | D:11     | XOM: noise
 22465 | D:12     | XOM: potion effect (might)
 22484 | D:12     | XOM: divination: detect items
 22631 | D:12     | XOM: divination: detect items
 23016 | D:12     | XOM: harmless Chrm miscast
 23023 | D:12     | XOM: potion effect (might)
 23351 | D:12     | XOM: harmless Tloc miscast
 23426 | D:12     | XOM: harmless Conj miscast
 23461 | D:12     | XOM: divination: detect creatures
 23687 | D:12     | Found a staircase to the Orcish Mines.
 23721 | D:12     | Found a portal to a secret trove of treasure.
 23889 | D:12     | XOM: harmless Necr miscast
 24160 | D:12     | XOM: silly message
 24311 | Orc:1    | Entered Level 1 of the Orcish Mines
 24341 | Orc:1    | XOM: summons friendly ufetubus
 24633 | Orc:1    | XOM: god gift: 17 gold pieces
 24635 | Orc:1    | Found a runed translucent door.
 24652 | Orc:1    | Noticed Borim's ghost (journeyman GrBe)
 24714 | Orc:1    | XOM: god gift: blowgun {god gift}
 24766 | Orc:2    | Entered Level 2 of the Orcish Mines
 24766 | Orc:2    | Found a staircase to the Elven Halls.
 24778 | Orc:2    | XOM: enchant monster (good)
 24795 | Orc:2    | Noticed a stone giant
 24966 | Orc:1    | XOM: 1-stop teleportation journey
 24967 | Orc:1    | You fall through a shaft!
 24967 | Orc:2    | Found a roughly hewn altar of Beogh.
 25183 | Orc:2    | Found a roughly hewn altar of Beogh.
 25309 | Orc:2    | XOM: god gift: wand of digging (4)
 25367 | Orc:2    | Noticed an orc warlord
 25441 | Orc:1    | Killed a stone giant
 25612 | Orc:1    | an orc warlord changed into a death yak
 25612 | Orc:1    | XOM: polymorph orc warlord -> death yak
 25636 | Orc:1    | XOM: harmless Chrm miscast
 25881 | Orc:2    | XOM: cast spell 'Alistair's Intoxication'
 25883 | Orc:2    | XOM: blink monster(s)
 25891 | Orc:2    | XOM: divination: magic mapping
 26208 | Orc:2    | XOM: smoke on damage
 26227 | Orc:2    | XOM: 1-stop teleportation journey
 26354 | Orc:1    | XOM: polymorph orc -> rat
 26359 | Orc:1    | XOM: smoke on damage
 26529 | Orc:1    | XOM: give mutations
 26529 | Orc:1    | Gained mutation: You passively map a small area around you.
                  | [Xom's grace]
 26529 | Orc:1    | Gained mutation: You can translocate small distances at
                  | will. [Xom's grace]
 26619 | Orc:2    | Noticed an orc warlord
 26621 | Orc:2    | Noticed a fire giant
 26621 | Orc:2    | an orc warlord changed into a fire giant
 26621 | Orc:2    | XOM: polymorph orc warlord -> fire giant
 26642 | Orc:2    | XOM: repel stairs
 26643 | Orc:2    | XOM: butterfly on damage
 26643 | Orc:2    | Killed a fire giant
 26686 | Orc:2    | XOM: 3-stop teleportation journey
 27003 | Orc:2    | Found a roughly hewn altar of Beogh.
 27032 | Orc:2    | Found a roughly hewn altar of Beogh.
 27137 | Orc:2    | Found a roughly hewn altar of Beogh.
 27156 | Orc:2    | XOM: divination: magic mapping
 27180 | Orc:2    | XOM: potion effect (haste)
 27192 | Orc:2    | Found Yvatilell's Antique Weapon Shoppe.
 27199 | Orc:2    | Found a roughly hewn altar of Beogh.
 27209 | Orc:2    | Found Vago's Antique Armour Emporium.
 27246 | Orc:2    | Bought the +3 warlock's mirror {reflect} for 1120 gold
                  | pieces
 27246 | Orc:2    | Found the +3 warlock's mirror {reflect}
 27405 | Orc:2    | Noticed Maurice
 27426 | Orc:2    | Killed Maurice
 27450 | Orc:2    | Found a roughly hewn altar of Beogh.
 27473 | Orc:2    | Found Orchonk's Antique Armour Boutique.
 27626 | Orc:2    | Found a roughly hewn altar of Beogh.
 27662 | Orc:2    | Found Onyosog's Armour Boutique.
 27735 | Orc:2    | Bought a pair of embroidered boots for 202 gold pieces
 27735 | Orc:2    | Bought a pair of embroidered boots for 202 gold pieces
 27979 | D:12     | XOM: god gift: potion of flight
 28083 | D:7      | Bought a scroll of fear for 38 gold pieces
 28083 | D:7      | Bought a scroll of enchant weapon for 82 gold pieces
 28083 | D:7      | Bought a scroll of teleportation for 33 gold pieces
 28083 | D:7      | Bought a scroll of fog for 22 gold pieces
 28083 | D:7      | Bought a scroll of enchant armour for 82 gold pieces
 28083 | D:7      | Bought a scroll of blinking for 82 gold pieces
 28083 | D:7      | Bought a scroll of acquirement for 572 gold pieces
 28083 | D:7      | Bought a scroll of teleportation for 33 gold pieces
 28083 | D:7      | Identified the Catalogue of Feathers and Battle Magic (You
                  | acquired it on level 7 of the Dungeon)
 28092 | D:7      | Learned a level 6 spell: Deflect Missiles
 28134 | D:9      | XOM: give mutations
 28134 | D:9      | Lost mutation: You are dopey. (Int -2) [Xom's grace]
 28134 | D:9      | Gained mutation: You are agile. (Dex +2) [Xom's grace]
 28134 | D:9      | Gained mutation: Your flesh is cold resistant. (rC+) [Xom's
                  | grace]
 28145 | D:9      | XOM: cloud trail
 28227 | D:13     | XOM: confuse monster(s)
 28274 | D:13     | XOM: give mutation
 28274 | D:13     | Gained mutation: Scrolls take you a little longer to read.
                  | [Xom's mischief]
 28290 | D:13     | XOM: summons friendly crimson imp
 28350 | D:13     | XOM: cast spell 'Summon Ice Beast'
 28378 | D:13     | XOM: summons 2 friendly demons
 28379 | D:13     | XOM: potion effect (might)
 28387 | D:13     | Reached skill level 1 in Charms
 28398 | D:13     | Found an iron altar of Okawaru.
 28399 | D:13     | Found a deep blue altar of Sif Muna.
 28400 | D:13     | Found an ancient bone altar of Kikubaaqudgha.
 28400 | D:13     | Found a burning altar of Makhleb.
 28414 | D:13     | Reached XP level 15. HP: 119/135 MP: 25/25
 28800 | D:13     | Noticed Frances
 28885 | D:13     | XOM: confuse monster(s)
 28901 | D:13     | Killed Frances
 28935 | D:13     | XOM: 1-stop teleportation journey
 28941 | D:13     | XOM: repel stairs
 29249 | D:13     | XOM: 8-stop teleportation journey
 29261 | D:13     | XOM: enchant monster (bad)
 29381 | D:13     | XOM: noise
 29383 | D:13     | XOM: swap monsters
 29399 | D:13     | XOM: summons 2 hostile shadow creatures
 29563 | D:13     | XOM: summons friendly quasit
 29569 | D:13     | XOM: summons 4 friendly demons
 29803 | D:13     | Identified the Collected Works on Boosts and the Entourage
 29996 | D:14     | Got a translucent crystal amulet
 29998 | D:14     | Identified the amulet of Macvar Istu {Acrobat rC+++ Stlth+}
                  | (You found it on level 14 of the Dungeon)
 30054 | D:14     | XOM: divination: detect items
 30163 | D:14     | Noticed Agnes
 30175 | D:14     | XOM: divination: magic mapping
 30179 | D:14     | Killed Agnes
 30187 | D:14     | XOM: harmless Necr miscast
 30276 | D:14     | XOM: noise
 30327 | D:14     | XOM: cleaving
 30353 | D:14     | XOM: give mutations
 30353 | D:14     | Gained mutation: Your muscles are strong. (Str +2) [Xom's
                  | grace]
 30353 | D:14     | Gained mutation: You have a pair of small horns on your
                  | head. [Xom's grace]
 30363 | D:14     | XOM: divination: magic mapping
 30379 | D:14     | XOM: destruction
 30380 | D:14     | XOM: summons 2 friendly demons
 30423 | D:14     | Found a gate to the Vaults.
 30437 | D:14     | Reached skill level 5 in Charms
 30460 | D:14     | XOM: summons friendly iron imp
 30476 | D:14     | XOM: cast spell 'Olgreb's Toxic Radiance'
 30515 | D:14     | XOM: medium Conj miscast
 30685 | D:14     | XOM: 5-stop teleportation journey
 30827 | D:14     | Noticed Louise
 30866 | D:14     | XOM: 3-stop teleportation journey
 30877 | D:14     | Killed Louise
 31165 | D:15     | Entered Level 15 of the Dungeon
 31470 | D:15     | Found a staircase to the Depths.
 31518 | D:15     | XOM: cast spell 'Dispersal'
 31597 | D:15     | XOM: smoke on damage
 31626 | D:15     | XOM: divination: magic mapping
 31632 | D:15     | XOM: harmless Erth miscast
 31705 | D:15     | XOM: confuse monster(s)
 31729 | D:15     | XOM: confuse monster(s)
 31756 | D:15     | XOM: divination: magic mapping
 32127 | D:15     | XOM: enchant monster (good)
 32487 | D:15     | XOM: harmless Erth miscast
 32565 | D:15     | XOM: cast spell 'Call Canine Familiar'
 32591 | D:15     | XOM: medium Air miscast
 32708 | D:15     | XOM: mild Fire miscast
 32832 | D:15     | XOM: divination: magic mapping
 32849 | D:15     | XOM: medium Fire miscast
 33060 | Swamp:1  | Entered Level 1 of the Swamp
 33100 | Lair:2   | XOM: potion effect (brilliance)
 33102 | Lair:2   | XOM: scenery: create altars
 33691 | Lair:2   | XOM: give mutation
 33691 | Lair:2   | Gained mutation: You have sharp fingernails. [Xom's grace]
 33700 | Lair:2   | XOM: scenery: create altars
 33725 | Lair:2   | XOM: enchant monster (good)
 33746 | Lair:2   | XOM: give mutation
 33746 | Lair:2   | Gained mutation: Your large and strong wings let you fly
                  | indefinitely. [Xom's grace]
 33768 | Lair:2   | XOM: mild Chrm miscast
 33866 | Swamp:1  | XOM: scenery: create altars
 33917 | Lair:2   | XOM: scenery: create altars
 33955 | Lair:2   | XOM: give mutation
 33955 | Lair:2   | Gained mutation: You are very agile. (Dex +4) [Xom's grace]
 33974 | Lair:2   | XOM: polymorph slime creature -> eye of devastation
 34081 | Lair:2   | XOM: destruction
 34110 | Lair:2   | XOM: summons friendly iron imp
 34118 | Lair:2   | XOM: blink monster(s)
 34137 | Lair:2   | XOM: confuse monster(s)
 34168 | Lair:2   | XOM: harmless Summ miscast
 34275 | Lair:2   | XOM: mild Fire miscast
 34322 | Swamp:1  | Reached XP level 16. HP: 137/146 MP: 26/26
 34521 | Swamp:1  | XOM: potion effect (invisibility)
 34522 | Swamp:1  | XOM: divination: magic mapping
 34558 | Swamp:1  | XOM: harmless Fire miscast
 34823 | Swamp:1  | XOM: harmless Tmut miscast
 35283 | Swamp:2  | XOM: harmless Pois miscast
 35569 | Swamp:2  | XOM: harmless Erth miscast
 35599 | Swamp:2  | XOM: potion effect (berserk rage)
 35644 | Swamp:2  | XOM: harmless Ice miscast
 35686 | Swamp:2  | Reached skill level 10 in Dodging
 36127 | Swamp:2  | XOM: medium Conj miscast
 37038 | Swamp:3  | XOM: harmless Ice miscast
 37275 | Swamp:2  | XOM: medium Ice miscast
 37382 | Swamp:2  | XOM: harmless Air miscast
 37383 | Swamp:2  | XOM: divination: magic mapping
 37489 | Swamp:3  | XOM: divination: magic mapping
 37499 | Swamp:3  | XOM: harmless Chrm miscast
 37516 | Swamp:3  | Slain by a shambling mangrove

Levels and vault maps discovered:
D:1:      zaba_arrival_water, layout_loops_cross, minmay_tree_intersection,
          minmay_curled_crystal
D:2:      kennysheep_big_flooded_room, layout_rooms
D:3:      layout_loops_ring, first_ration,
          chequers_ecumenical_altar_simple_redux, minmay_close_crescents
D:4:      kennysheep_goblin_castle, layout_layer_cave, marbit_many_paths,
          nicolae_gozag_cash_rules_everything_around_me, kennysheep_mini,
          nicolae_ossuary_entry_giza
D:5:      layout_basic, minmay_temple_entry_ruins, st_stairs_8
D:6:      kennysheep_slugbush, layout_cave_pools, uniq_sigmund
D:7:      layout_loops_cross, nicolae_overflow_hidden_temple,
          old_standard_altar, okawaru_ov_weapons_minmay, serial_shops,
          kennysheep_little_box, enter_bailey_6
D:8:      layout_loops_ring
D:9:      wad_cavern_with_rooms, layout_basic, uniq_psyche
D:10:     layout_basic, dpeg_lair_monsters
D:11:     layout_cave_pools, serial_shops, shop, nicolae_shop_waterfront, shop,
          grunt_pizzeria
D:12:     layout_roguey, minmay_orc_entry_guard_dogs,
          nicolae_trove_entry_crystal, nrook_mini_backslash,
          mumra_transporter_accident
D:13:     minmay_the_grid_octo_triangle [minmay_the_grid_octo_shrine,
          minmay_the_grid_octo_prize_ultimate_mussel_roller,
          minmay_the_grid_octo_horde], layout_long_grid,
          nrook_guardian_serpent_double, uniq_frances
D:14:     layout_rooms, grunt_vaults_entry_fortified, eino_jars, uniq_agnes,
          uniq_louise
D:15:     hangedman_depths_entry_try_elsewhere_first, layout_stronghold,
          dk_noncrumbling_2
Lair:1:   minmay_lair_oklob_tunnel, layout_regular_city, basic_altar,
          minmay_stone_trees_medium, minivault_26
Lair:2:   layout_gridlike, skrybe_swamp_entry_bodies,
          nicolae_spider_entry_non_spiders, serial_bayou_shore_b
Lair:3:   layout_gridlike, gauntlet_entry_generic,
          nicolae_volcano_entry_lava_flow, bobbens_dragon_lair_wall
Lair:4:   layout_misc_corridors, grunt_megastairs_4, uniq_urug, uniq_sonja
Lair:5:   layout_regular_city, serial_bayou_shore_b
Lair:6:   evil_forest, layout_cave_shapes, slime_altar_1, serial_bayou_shore_a,
          grunt_megastairs_2, uniq_nessos
Swamp:1:  layout_basic_swamp, hangedman_swamp_ruin_hall, swamp_pool3,
          hangedman_swamp_lotus, cheibrodos_swamp_pet_leeches
Swamp:2:  layout_basic_swamp, evilmike_swamp_ruin_house_6
Swamp:3:  layout_basic_swamp, nicolae_swamp_triple_paths
Orc:1:    layout_caves, ebering_ghost_inner_flame
Orc:2:    grunt_orc_community_town_hall, layout_diamond_mine,
          grunt_orc_community_big_house_2, grunt_orc_community_big_house_1,
          grunt_orc_community_house_1, grunt_orc_community_house_1,
          grunt_orc_community_house_1, grunt_orc_community_house_3,
          grunt_orc_community_house_1, basic_altar, uniq_maurice

Skill      XL: |  1  2  3  4  5  6  7  8  9 10 11 12 13 14 15 16 |
---------------+-------------------------------------------------+-----
Polearms       | 4 5 6 8 9 11 12 13 14 | 14.0
Fighting       | 4 5 6 8 10 13 14 | 14.0
Spellcasting   | 1 3 5 6 7 |  7.0
Dodging        | 4 6 8 9 10 | 10.6
Air Magic      | 3 5 6 10 12 14 | 14.0
Hexes          | 3 |  3.0
Evocations     | 5 |  5.0
Conjurations   | 5 8 |  8.1
Summonings     | 3 |  3.0
Shields        | 4 |  4.0
Charms         | 1 7 |  7.0

Action                   |  1- 3 |  4- 6 |  7- 9 | 10-12 | 13-15 | 16-18 || total
-------------------------+-------+-------+-------+-------+-------+-------++-------
Melee: Spear             |   133 |   238 |   317 |       |       |       ||   688
       Tailslap          |    11 |    18 |    41 |    54 |   230 |    47 ||   401
       Bite              |       |       |    18 |    38 |    33 |       ||    89
       Halberd           |       |       |    69 |   575 |   339 |       ||   983
       Headbutt          |       |       |       |       |   140 |    64 ||   204
       Demon trident     |       |       |       |       |  1572 |   252 ||  1824
 Cast: Airstrike         |       |       |       |    53 |   119 |     7 ||   179
       Confusing Touch   |       |       |       |     2 |    24 |     4 ||    30
       Summon Lightning  |       |       |       |     5 |    64 |     1 ||    70
       Lightning Bolt    |       |       |       |     5 |    34 |     1 ||    40
       Swiftness         |       |       |       |       |     1 |       ||     1
       Shock             |       |       |       |       |     6 |       ||     6
       Deflect Missiles  |       |       |       |       |     1 |       ||     1
 Abil: Breathe Steam     |       |       |    32 |    38 |    17 |     1 ||    88
       Fly               |       |       |       |       |     1 |       ||     1
Evoke: Wand              |       |       |       |       |    14 |       ||    14
  Use: Scroll            |     5 |     4 |     5 |     9 |    19 |     1 ||    43
       Potion            |       |       |       |     1 |     9 |       ||    10
 Stab: Sleeping          |     2 |       |       |     3 |     4 |     1 ||    10
       Confused          |       |     2 |     4 |       |    20 |     1 ||    27
       Paralysed         |       |     2 |     6 |       |    10 |       ||    18
       Petrifying        |       |       |     1 |       |       |       ||     1
       Distracted        |       |       |       |     4 |     9 |       ||    13
       Petrified         |       |       |       |       |     3 |       ||     3
       Invisible         |       |       |       |       |       |     2 ||     2
  Eat: Chunk             |     1 |     8 |    16 |    31 |    76 |     8 ||   140
       Ration            |       |       |       |     2 |     8 |     1 ||    11
Armor: Skin              |    30 |    60 |    62 |   167 |   333 |    27 ||   679
Dodge: Dodged            |    64 |   148 |   178 |   400 |  1178 |   135 ||  2103
       Deflected         |       |       |       |       |       |     4 ||     4
Block: Buckler           |       |       |       |       |   314 |    61 ||   375
       Reflection        |       |       |       |       |    14 |     5 ||    19

Table legend:
 A = Non-vault XP
 B = Vault XP
 C = Vault XP percentage of total XP
 D = Non-vault monster count
 E = Vault monster count
 F = Vault count percentage of total count
                 A         B        C        D         E       F
            +---------+---------+-------+---------+---------+-------
      Total |  114619 |   53771 |  31.9 |     695 |     273 |  28.2
            +---------+---------+-------+---------+---------+-------
        D:1 |      34 |       0 |   0.0 |      17 |       0 |   0.0
        D:2 |      58 |       4 |   6.5 |      23 |       2 |   8.0
        D:3 |     147 |      16 |   9.8 |      29 |       2 |   6.5
        D:4 |     425 |     115 |  21.3 |      15 |      25 |  62.5
        D:5 |    1022 |     125 |  10.9 |      26 |       1 |   3.7
        D:6 |    1210 |     250 |  17.1 |      30 |       7 |  18.9
        D:7 |     660 |       0 |   0.0 |      13 |       0 |   0.0
        D:8 |    1940 |       0 |   0.0 |      33 |       0 |   0.0
        D:9 |    2690 |     774 |  22.3 |      41 |       5 |  10.9
       D:10 |    2069 |    2541 |  55.1 |      17 |       6 |  26.1
       D:11 |    3557 |     178 |   4.8 |      30 |       1 |   3.2
       D:12 |    5712 |     674 |  10.6 |      42 |       4 |   8.7
       D:13 |    5897 |    7191 |  54.9 |      25 |      15 |  37.5
       D:14 |    5640 |   10342 |  64.7 |      18 |      20 |  52.6
       D:15 |   13279 |    1638 |  11.0 |      37 |       4 |   9.8
     Lair:1 |    4075 |       0 |   0.0 |      13 |       0 |   0.0
     Lair:2 |   11231 |    1389 |  11.0 |      42 |      11 |  20.8
     Lair:3 |    6684 |    4803 |  41.8 |      35 |      18 |  34.0
     Lair:4 |    6768 |    1812 |  21.1 |      25 |       5 |  16.7
     Lair:5 |    8466 |    1026 |  10.8 |      30 |       2 |   6.2
     Lair:6 |    5656 |   10229 |  64.4 |      20 |      27 |  57.4
    Swamp:1 |    5238 |     220 |   4.0 |      19 |       1 |   5.0
    Swamp:2 |   10823 |       0 |   0.0 |      29 |       0 |   0.0
    Swamp:3 |    1439 |       0 |   0.0 |       4 |       0 |   0.0
      Orc:1 |    5055 |       0 |   0.0 |      36 |       0 |   0.0
      Orc:2 |    4844 |    6399 |  56.9 |      46 |      71 |  60.7
    Ossuary |       0 |       6 | 100.0 |       0 |       1 | 100.0
     Bailey |       0 |     810 | 100.0 |       0 |      31 | 100.0
    Volcano |       0 |    3229 | 100.0 |       0 |      14 | 100.0
            +---------+---------+-------+---------+---------+-------
